 Dungeon Sprint DCSS version 0.30-a0-465-g8901f6c8b5 (webtiles) character file.

Game seed: 14065891598964930139

5136 mhtbhm the Peltast (level 10, 0/148 HPs)
             Began as a Minotaur Fighter on Dec 18, 2022.
             Was the Champion of Trog.
             Killed from afar by a storm dragon (1 damage)
             ... with a bolt of lightning
             ... in the Dungeon (Sprint V: "Ziggurat Sprint").
             The game lasted 00:05:43 (986 turns).

mhtbhm the Peltast (Minotaur Fighter)                Turns: 986, Time: 00:05:43

Health: 0/148      AC: 34    Str: 38    XL:     10   Next: 33%
Magic:  9/9        EV:  4    Int:  5    God:    Trog [******]
Gold:   0          SH: 31    Dex:  9    Spells: 9/9 levels left

rFire   + . .      SeeInvis .    a - +10 lance "Wyrmbane" {slay drac, rPois rF+ rC+ AC+3}
rCold   + . .      Faith    .    c - +18 shield of the Gong {rElec rN+ Will+ EV-5}
rNeg    + . .      Spirit   .    B - +15 Maxwell's patent armour {-Cast -Tele rElec Will+ rCorr}
rPois   +          Reflect  .    (helmet restricted)
rElec   +          Harm     .    (no cloak)
rCorr   +          Rampage  .    (no gloves)
Will    ++...      Rage     3%   (no boots)
Stlth   .......... NoTele   +    (no amulet)
HPRegen 0.44/turn  NoCast   +    A - +6 ring of strength
MPRegen 0.11/turn                z - +6 ring of strength

@: berserking, studying 2 skills, very quick
A: horns 2, retaliatory headbutt, berserk 1
a: Renounce Religion, Berserk, Trog's Hand, Brothers in Arms


You were in the Dungeon.
You worshipped Trog.
Trog was exalted by your worship.
You visited 1 branch

Inventory:

Hand Weapons
 a - the +10 lance "Wyrmbane" (weapon) {slay drac, rPois rF+ rC+ AC+3}
   (You found it in the Dungeon)

   It inflicts extra damage against dragons and draconians.
   AC:        It affects your AC (+3).
   rF:        It protects you from fire.
   rC:        It protects you from cold.
   rPois:     It protects you from poison.
 v - the +8 mithril axe "Arga" {speed, Will+}
   (You found it in the Dungeon)

   Attacks with this weapon are significantly faster.
   Will:      It increases your willpower.
Armour
 b - +5 gold dragon scales
 c - the +18 shield of the Gong (worn) {rElec rN+ Will+ EV-5}
   (You found it in the Dungeon)

   It is deafeningly noisy when blocking attacks.
   EV:        It affects your evasion (-5).
   rElec:     It insulates you from electricity.
   rN:        It protects you from negative energy.
   Will:      It increases your willpower.
 y - the +8 plate armour of Gravity {Rampage rN+ MP-9}
   (You found it in the Dungeon)

   rN:        It protects you from negative energy.
   MP:        It affects your magic capacity (-9).
   Rampage:   It bestows one free step when moving towards enemies.
 B - the +15 Maxwell's patent armour (worn) {-Cast -Tele rElec Will+ rCorr}
   (You found it in the Dungeon)

   rElec:     It insulates you from electricity.
   -Cast:     It prevents spellcasting.
   -Tele:     It prevents most forms of teleportation.
   rCorr:     It protects you from acid and corrosion.
   Will:      It increases your willpower.
Jewellery
 z - a +6 ring of strength (right hand)
 A - a +6 ring of strength (left hand)
Wands
 s - a wand of mindburst (7)
 t - a wand of light (6)
Scrolls
 j - 4 scrolls of blinking
 o - 4 scrolls of amnesia
 p - 7 scrolls of fog
 q - 5 scrolls of identify
 r - 2 scrolls of fear
 w - 2 scrolls of brand weapon
Potions
 d - 6 potions of might
 e - 10 potions of curing
 f - 7 potions of heal wounds
 g - 6 potions of haste
 h - 7 potions of magic
 i - 2 potions of berserk rage
 k - 2 potions of brilliance
 l - 2 potions of invisibility
 m - 4 potions of resistance
 n - a potion of experience
Miscellaneous
 u - a lightning rod (4/4)
 x - a tin of tremorstones (2/2)


   Skills:
 + Level 12.3 Fighting
 + Level 13.6 Polearms
 + Level 15.1 Armour
 + Level 2.4 Dodging
 + Level 0.6 Stealth
 + Level 18.5 Shields
 + Level 3.5 Evocations


You had 9 spell levels left.
You didn't know any spells.
Your spell library was empty.

Dungeon Overview and Level Annotations

Branches:
Dungeon (1/1)

Altars:
Ashenzari
Cheibriados
Dithmenos
Elyvilon
Fedhas
Gozag
Hepliaklqana
Kikubaaqudgha
Makhleb
Nemelex Xobeh
Okawaru
Qazlal
Ru
Sif Muna
Trog
Uskayaw
Vehumet
Wu Jian
Xom
Yredelemnul
Zin
The Shining One
Jiyva
Lugonu


Innate Abilities, Weirdness & Mutations

You have a pair of horns on your head.
You reflexively headbutt those who attack you in melee.
You sometimes lose your temper in combat.


Message History

BONNNG!
The wind drake flaps its wings at you. The air twists around and strikes you.
* * * LOW HITPOINT WARNING * * *
The storm dragon breathes lightning at you.
The bolt of lightning hits you! You resist.
* * * LOW HITPOINT WARNING * * *
The bolt of lightning hits the storm dragon.
The storm dragon completely resists.
You block the storm dragon's attack.
GONNNNG!
You block the storm dragon's attack.
GONNNNG!
The storm dragon closely misses you.
The spriggan air mage waves its arms in wide circles.
The air twists around and strikes you!
* * * LOW HITPOINT WARNING * * *
You hit the storm dragon but do no damage.
The storm dragon convulses.
Your headbutt misses the storm dragon.
The storm dragon is almost dead.
The storm dragon breathes lightning at you.
The bolt of lightning hits you! You resist.
* * * LOW HITPOINT WARNING * * *
The storm dragon bites you but does no damage.
You block the storm dragon's attack.
BOUMMMMG!
The storm dragon tramples you but does no damage.
You block the air elemental's attack.
GONNNNG!
Unknown command.
You hit the storm dragon.
The lance glows as it skewers the storm dragon.
You feel the power of Trog in you as your rage grows.
You kill the storm dragon!
Trog accepts your kill.
The storm dragon scales are intact enough to wear.
You block the air elemental's attack.
BONNNG!
The storm dragon breathes lightning at you.
The bolt of lightning hits you. You resist.
You die...

▓...|)|)..▓
▓..))!=|..▓...)[)...▓
▓....D....▓.........▓
▓....k....▓.........▓
▓....E.§§.▓.........▓
▓....§§§§.▓.........▓
▓..§ki§.§.▓.........▓
▓.▓DD[E§▓.▓....©....▓
▓..§§@Dk..▓▓▓▓▓▓▓▓▓▓▓
▓▓▓▓▓▓▓▓▓▓▓


You could see 3 storm dragons, 2 wind drakes, a spriggan air mage (repels
missiles) and an air elemental.

Vanquished Creatures
  2 storm dragons (D)
  A deep elf pyromancer (D)
  2 deep elf zephyrmancers (D)
  A smoke demon (D)
  A guardian mummy (D)
  An ancient zyme (D)
  A raiju (D)
  A flying skull (D)
  4 air elementals (D)
  An ushabti (D)
  A neqoxec (D)
  A yak (D)
  A naga (D)
  2 water moccasins (D)
  2 orc warriors (D)
  A hell hound (D)
  A small abomination (D)
  2 quasits (D)
  2 orc priests (D)
  2 iron imps (D)
  An iguana (D)
  5 orc wizards (D)
  2 mummies (D)
  2 adders (D)
  4 river rats (D)
  A shadow imp (D)
  A white imp (D)
  An adder zombie (D)
  An adder skeleton (D)
  2 orcs (D)
  2 bat skeletons (D)
  A jackal (D)
  A ball python (D)
  A giant cockroach zombie (D)
55 creatures vanquished.

Vanquished Creatures (others)
  A water elemental (D)
  A bat skeleton (D)
2 creatures vanquished.

Grand Total: 57 creatures vanquished

Notes
Turn   | Place    | Note
-------+----------+-------------------------------------------
     0 | D        | mhtbhm the Minotaur Fighter began the quest for the Orb.
     0 | D        | Reached XP level 1. HP: 19/19 MP: 0/0
     0 | D        | Found a shimmering blue altar of Sif Muna.
     0 | D        | Found a bloodstained altar of Trog.
     0 | D        | Found a sacrificial altar of Ru.
     0 | D        | Found a stormy altar of Qazlal.
     0 | D        | Found an iron altar of Okawaru.
     1 | D        | Found a sparkling altar of Nemelex Xobeh.
     1 | D        | Found a blossoming altar of Fedhas.
     1 | D        | Found the +6 Majin-Bo {vamp, MP+6 Int+6}
     1 | D        | Found the +27 heavy crossbow "Sniper" {vorpal, Acc+∞ SInv}
     1 | D        | Found the +10 dark maul {vorpal}
     1 | D        | Found the +15 Maxwell's patent armour {-Cast -Tele rElec
                  | Will+ rCorr}
     1 | D        | Found the +18 shield of the Gong {rElec rN+ Will+ EV-5}
     1 | D        | Found the +14 obsidian axe {vorpal, Mesm Drain Fly SInv}
     1 | D        | Found the +7 great mace "Firestarter" {inner flame, rF++}
     1 | D        | Found the +6 shillelagh "Devastator" {shatter}
     1 | D        | Found the +11 plutonium sword {Contam Stlth-}
     1 | D        | Found the +8 lance "Wyrmbane" {slay drac, rPois rF+ rC+
                  | AC+3}
     1 | D        | Found the +9 sword of Zonguldrok {reap}
     1 | D        | Found the +13 scythe of Curses {drain, Drain}
     1 | D        | Found the +5 sword of Power {vorpal}
     1 | D        | Found the +7 mace of Variability {chain chaos}
     1 | D        | Found the +7 Singing Sword {vorpal, sonic wave}
     1 | D        | Found the +8 storm bow {elec, penet}
     3 | D        | Found a transporter.
     3 | D        | Found an ancient bone altar of Kikubaaqudgha.
     3 | D        | Found a viscous altar of Jiyva.
     3 | D        | Found a corrupted altar of Lugonu.
     3 | D        | Found a hazy altar of Hepliaklqana.
     3 | D        | Found a burning altar of Makhleb.
     3 | D        | Found an opulent altar of Gozag.
   176 | D        | Became a worshipper of Trog the Wrathful
   190 | D        | Entered arena 2.
   190 | D        | Found a transporter.
   194 | D        | Reached skill level 4 in Shields
   194 | D        | Reached XP level 2. HP: 28/28 MP: 1/1
   196 | D        | Reached skill level 5 in Armour
   204 | D        | Entered arena 3.
   204 | D        | Noticed an air elemental
   204 | D        | Noticed an air elemental
   204 | D        | Noticed an air elemental
   204 | D        | Found a transporter.
   205 | D        | Paralysed by an air elemental for 1 turns
   208 | D        | Killed an air elemental
   208 | D        | Reached * piety under Trog
   209 | D        | Reached skill level 5 in Polearms
   209 | D        | Reached skill level 7 in Shields
   209 | D        | Reached XP level 3. HP: 40/40 MP: 2/2
   209 | D        | Reached XP level 4. HP: 48/48 MP: 3/3
   209 | D        | Reached XP level 5. HP: 53/53 MP: 4/4
   210 | D        | Killed an air elemental
   211 | D        | Reached skill level 9 in Shields
   211 | D        | Reached XP level 6. HP: 63/63 MP: 5/5
   213 | D        | Killed an air elemental
   214 | D        | Reached skill level 10 in Armour
   214 | D        | Reached skill level 10 in Shields
   258 | D        | Entered arena 4.
   258 | D        | Found the +8 mithril axe "Arga" {speed, Will+}
   258 | D        | Found a transporter.
   261 | D        | Reached ** piety under Trog
   262 | D        | Reached XP level 7. HP: 71/71 MP: 6/6
   264 | D        | Reached skill level 10 in Fighting
   359 | D        | Entered arena 5.
   359 | D        | Noticed a deep elf zephyrmancer
   359 | D        | Noticed a deep elf pyromancer
   359 | D        | Noticed a deep elf zephyrmancer
   359 | D        | Noticed a water elemental
   359 | D        | Found a transporter.
   360 | D        | Noticed a fire elemental
   364 | D        | Noticed a fire elemental
   371 | D        | Killed a water elemental
   372 | D        | Killed a deep elf pyromancer
   372 | D        | Reached *** piety under Trog
   375 | D        | Killed a deep elf zephyrmancer
   375 | D        | Reached **** piety under Trog
   376 | D        | Reached skill level 12 in Shields
   376 | D        | Reached XP level 8. HP: 50/81 MP: 7/7
   382 | D        | Killed a deep elf zephyrmancer
   383 | D        | Reached skill level 10 in Polearms
   383 | D        | Reached skill level 13 in Shields
   478 | D        | Entered arena 6.
   478 | D        | Found a transporter.
   486 | D        | Reached ***** piety under Trog
   550 | D        | Entered arena 7.
   550 | D        | Noticed a guardian mummy
   550 | D        | Noticed a flying skull
   551 | D        | Found a transporter.
   557 | D        | Killed a flying skull
   557 | D        | Identified the +5 spear of Parts Unknown {vorpal, rCorr}
                  | (Trog gifted it to you in the Dungeon)
   557 | D        | Received a gift from Trog
   562 | D        | Reached skill level 14 in Shields
   562 | D        | Reached XP level 9. HP: 88/89 MP: 8/8
   566 | D        | Killed a guardian mummy
   567 | D        | Reached skill level 1 in Evocations
   578 | D        | Entered arena 8.
   581 | D        | Found a transporter.
   586 | D        | Received a gift from Trog
   613 | D        | Entered arena 9.
   614 | D        | Found a transporter.
   621 | D        | Reached skill level 15 in Shields
   623 | D        | Reached ****** piety under Trog
   635 | D        | Received a gift from Trog
   836 | D        | Entered arena 10.
   836 | D        | Found the +3 giant club "Skullcrusher" {speed, Str+7}
   837 | D        | Found a transporter.
   862 | D        | Entered arena 11.
   862 | D        | Noticed an ancient zyme
   862 | D        | Noticed a smoke demon
   864 | D        | Reached skill level 1 in Dodging
   867 | D        | Received a gift from Trog
   871 | D        | Gained mutation: You sometimes lose your temper in combat.
                  | [a neqoxec]
   872 | D        | Killed an ancient zyme
   877 | D        | Reached skill level 16 in Shields
   882 | D        | Killed a smoke demon
   882 | D        | Received a gift from Trog
   883 | D        | Reached XP level 10. HP: 94/97 MP: 9/9
   883 | D        | Found a transporter.
   959 | D        | Got the +8 plate armour of Gravity {Rampage rN+ MP-9}
   964 | D        | Entered arena 12.
   964 | D        | Noticed a storm dragon
   964 | D        | Noticed a storm dragon
   964 | D        | Noticed a storm dragon
   964 | D        | Noticed a spriggan air mage
   965 | D        | Noticed a storm dragon
   965 | D        | Noticed a storm dragon
   966 | D        | Paralysed by an air elemental for 1 turns
   970 | D        | Paralysed by an air elemental for 1 turns
   977 | D        | Killed a storm dragon
   978 | D        | Reached skill level 15 in Armour
   978 | D        | Reached skill level 18 in Shields
   985 | D        | HP: 1/148 [storm dragon/bolt of lightning (11)]
   986 | D        | Killed a storm dragon
   986 | D        | Killed from afar by a storm dragon

Illustrated notes

Levels and vault maps discovered:
D:        sprint_v [room_start, room_1, room_2, room_3, room_4, room_5, room_6,
          room_7, room_8, room_9, room_10, room_11, room_12, room_13, room_14,
          room_15, room_16, room_17, room_18, room_19, room_20, room_21,
          room_22, room_23, room_24, room_25, room_26, room_27]

Skill      XL: |  1  2  3  4  5  6  7  8  9 10 |
---------------+-------------------------------+-----
Fighting       | 4 7 9 10 11 12 | 12.3
Armour         | 4 8 9 10 12 13 14 15 | 15.1
Shields        | 4 7 9 10 12 14 16 18 | 18.5
Polearms       | 5 6 7 9 10 13 | 13.6
Evocations     | 2 3 |  3.5
Dodging        | 1 2 |  2.4
Stealth        | |  0.6

Action                   |  1- 3 |  4- 6 |  7- 9 | 10-12 || total
-------------------------+-------+-------+-------+-------++-------
Melee: Lance             |     8 |     7 |    93 |    17 ||   125
       Headbutt          |     1 |       |    14 |     2 ||    17
Invok: Berserk           |       |       |       |     1 ||     1
       Brothers in Arms  |       |       |       |     1 ||     1
Evoke: Wand              |       |       |     1 |       ||     1
       Tin of tremorston |       |       |     6 |       ||     6
       Lightning rod     |       |       |     3 |       ||     3
  Use: Potion            |     1 |       |     2 |     1 ||     4
       Scroll            |       |       |       |     1 ||     1
Armor: Plate armour      |    10 |     2 |    42 |    27 ||    81
Dodge: Dodged            |     1 |     1 |     4 |     4 ||    10
Block: Kite shield       |     9 |     8 |   112 |    31 ||   160

Table legend: (Time is in decaauts)
 A = Elapsed time spent in this place.
 B = Non-inter-level travel time spent in this place.
 C = Inter-level travel time spent in this place.
 D = Time resting spent in this place.
 E = Time spent auto-exploring this place.
 F = Levels seen in this place.
 G = Mean time per level.
                   A        B        C        D        E       F      G
               +--------+--------+--------+--------+--------+-----+--------+
         Total |    953 |    953 |      0 |    496 |      0 |   1 |  953.0 |
       Dungeon |    953 |    953 |      0 |    496 |      0 |   1 |  953.0 |
               +--------+--------+--------+--------+--------+-----+--------+

Top non-repeatable levels by time:
       D: 953 daAuts
